[Event "German Bundesliga 2024-25"]
[Site "Germany"]
[Date "2024.12.01"]
[Round "4.4"]
[White "Kadric, Denis"]
[Black "Dragnev, Valentin"]
[Result "1/2-1/2"]
[Annotator "TA"]
[ECO "C54"]
[WhiteElo "2562"]
[BlackElo "2566"]
[PlyCount "52"]
[EventDate "2024.09.27"]
[EventType "team-tourn"]
[EventCountry "GER"]
[SourceTitle "playchess.com"]
[Source "ChessBase"]
[SourceQuality "1"]
[WhiteTeam "Kirchweyhe"]
[BlackTeam "Bayern Muenchen"]
[TimeControl "40/5400+30:1800+30"]

1. e4 e5 2. Nf3 Nc6 3. Bc4 Bc5 4. c3 Nf6 5. d3 a6 6. Bg5 h6 7. Bh4 d6 8. Nbd2 Ba7 9. a4 Qe7 10. O-O {[%emt 0:00:09] The position is equal.} Be6 11. b4 O-O 12. Re1 Bxc4 13. Nxc4 Qe6 14. b5 axb5 15. axb5 Ne7 16. Ra4 {[%emt 0:06:38] Strongly threatening Qa1.} Bb6 $1 17. d4 Ng6 18. Bg3 Nd7 19. Qa1 Rxa4 20. Qxa4 f6 21. h3 Kh7 22. Ra1 Re8 23. Qb4 exd4 24. cxd4 f5 (24... Qxe4 $2 {is the wrong capture.} 25. Re1 f5 26. Rxe4 $18) 25. exf5 Qxf5 26. Rc1 Kh8 {[%emt 0:10:22] Weighted Error Value: White=0.10 (very precise) /Black=0.06 (flawless) .  Inaccurate:     	White=1     	Black=3      OK:         	White=6     	Black=9      Strong:       	---       	Black=1} 1/2-1/2

[Event "German Bundesliga 2024-25"]
[Site "Germany"]
[Date "2024.12.01"]
[Round "4.4"]
[White "Kempinski, Robert"]
[Black "Andersen, Mads"]
[Result "1/2-1/2"]
[Annotator "TA"]
[ECO "D40"]
[WhiteElo "2560"]
[BlackElo "2595"]
[PlyCount "41"]
[EventDate "2024.09.27"]
[EventType "team-tourn"]
[EventCountry "GER"]
[SourceTitle "playchess.com"]
[Source "ChessBase"]
[SourceQuality "1"]
[WhiteTeam "Hamburg"]
[BlackTeam "SG Solingen"]
[TimeControl "40/5400+30:1800+30"]

1. d4 d5 2. c4 e6 3. Nc3 c5 4. e3 Nf6 5. Nf3 Nc6 6. a3 a6 7. dxc5 Bxc5 8. b4 Bd6 9. Bb2 O-O 10. Rc1 Qe7 11. Qb3 Rd8 12. Be2 {[%emt 0:06:35][%cal Rc4d5] The position is equal.} dxc4 13. Qxc4 Ne5 14. Qb3 Bd7 15. O-O Rac8 16. Rfd1 Nxf3+ 17. Bxf3 Bc6 18. Bxc6 Rxc6 19. Ne2 Rxc1 20. Rxc1 Bb8 21. Qc3 {[%emt 0:05:39] An uneventful encounter.   Weighted Error Value: White=0.05 (flawless) /Black=0.06 (flawless) .  Inaccurate:     	White=1     	Black=1      OK:         	White=4     	Black=3} 1/2-1/2

[Event "German Bundesliga 2024-25"]
[Site "Germany"]
[Date "2024.12.01"]
[Round "4.4"]
[White "Janik, Igor"]
[Black "Ferreira, Jorge Viterbo"]
[Result "1/2-1/2"]
[Annotator "TA"]
[ECO "E06"]
[WhiteElo "2513"]
[BlackElo "2523"]
[PlyCount "49"]
[EventDate "2024.09.27"]
[EventType "team-tourn"]
[EventCountry "GER"]
[SourceTitle "playchess.com"]
[Source "ChessBase"]
[SourceQuality "1"]
[WhiteTeam "St. Pauli"]
[BlackTeam "Heimbach-Weis-Neuwied"]
[TimeControl "40/5400+30:1800+30"]

1. Nf3 d5 2. g3 Nf6 3. Bg2 e6 4. c4 Be7 5. O-O O-O 6. d4 c6 7. Nc3 a5 8. Bg5 Nbd7 9. e3 dxc4 {[%emt 0:18:24] The position is equal.} 10. Nd2 Nb6 11. Qe2 Nfd5 {[%emt 0:08:15] [#] Hoping for ...Nxc3.} 12. Bxe7 Qxe7 13. Nxc4 Nxc4 14. Qxc4 Qb4 15. Qd3 (15. Qxb4 {simplifies} axb4 16. Ne4 b6 17. Rfc1) 15... b6 16. Qc2 Ba6 17. Rfc1 Rac8 18. a3 Qe7 19. Qb3 {[%emt 0:00:52][%cal Rc3d5] Nxd5 would now be deadly.} Qa7 20. Na4 Bb5 21. Nc3 (21. Bxd5 $5 Bxa4 22. Qxa4 cxd5 23. Kg2 $11) 21... Ba6 22. Rc2 Nxc3 23. Rxc3 c5 24. dxc5 bxc5 25. Rd1 {[%emt 0:06:57] Weighted Error Value: White=0.10 (very precise) /Black=0.05 (flawless) .  Inaccurate:     	White=2     	Black=1      OK:         	White=6     	Black=7      Best:        	White=1     	---} 1/2-1/2

[Event "German Bundesliga 2024-25"]
[Site "Germany"]
[Date "2024.12.01"]
[Round "4.4"]
[White "Razafindratsima, Timothe"]
[Black "Gledura, Benjamin"]
[Result "1/2-1/2"]
[Annotator "TA"]
[ECO "C91"]
[WhiteElo "2465"]
[BlackElo "2652"]
[PlyCount "68"]
[EventDate "2024.09.27"]
[EventType "team-tourn"]
[EventCountry "GER"]
[SourceTitle "playchess.com"]
[Source "ChessBase"]
[SourceQuality "1"]
[WhiteTeam "Bad Mergentheim"]
[BlackTeam "Deizisau"]
[TimeControl "40/5400+30:1800+30"]

1. e4 e5 2. Nf3 Nc6 3. Bb5 a6 4. Ba4 Nf6 5. O-O Be7 6. Re1 b5 7. Bb3 d6 8. c3 O-O 9. d4 Bg4 10. d5 Na5 11. Bc2 c6 12. h3 Bc8 13. dxc6 Qc7 14. Nbd2 Qxc6 15. Nf1 Be6 16. Ng3 Nc4 17. b3 Nb6 18. Bd2 a5 19. Qe2 a4 20. Ng5 {[%emt 0:04:31] Nxe6 is the strong threat.} Bd7 21. Bd3 g6 22. Qf1 Ne8 23. f4 Ng7 24. Kh1 Ne6 25. Nf3 Nxf4 26. Bxf4 exf4 27. Ne2 Qc7 28. Rac1 {[%emt 0:13:22] The position is equal.} axb3 29. axb3 Ra3 30. Ned4 Qc5 31. e5 {[%emt 0:02:44] Against Bf6} Nd5 {[%emt 0:01:30] [#] Hoping for ...Ne3.} 32. Bxb5 Bxb5 33. Qxb5 Ne3 (33... Nxc3 $2 {perishes.} 34. Qd3 (34. exd6 Qxb5 35. Nxb5 Nxb5 $11) 34... Rc8 35. Nb5 Nxb5 (35... Rxb3 36. exd6 Rd8 37. dxe7 $18) 36. Rxc5 Rxc5 37. e6 $16) 34. b4 Qc8 {[%emt 0:01:34] An even fight not without its subleties.   Weighted Error Value: White=0.06 (flawless) /Black=0.05 (flawless) .  Inaccurate:     	White=2     	Black=1      OK:         	White=8     	Black=8      Best:        	White=1     	---} 1/2-1/2

[Event "German Bundesliga 2024-25"]
[Site "Germany"]
[Date "2024.12.01"]
[Round "4.5"]
[White "Kamsky, Gata"]
[Black "Ikonnikov, Vyacheslav"]
[Result "1-0"]
[Annotator "TA"]
[ECO "A45"]
[WhiteElo "2609"]
[BlackElo "2465"]
[PlyCount "95"]
[EventDate "2024.09.27"]
[EventType "team-tourn"]
[EventCountry "GER"]
[SourceTitle "playchess.com"]
[Source "ChessBase"]
[SourceQuality "1"]
[WhiteTeam "Deizisau"]
[BlackTeam "Bad Mergentheim"]
[TimeControl "40/5400+30:1800+30"]

1. d4 Nf6 2. Bf4 e6 3. e3 a6 4. Nd2 c5 5. c3 Nc6 6. Ngf3 {[%emt 0:00:32] A45: Trompowsky Attack.} cxd4 7. exd4 Be7 8. h3 d6 9. a4 Rb8 $146 ({Predecessor:} 9... O-O 10. Be2 b6 11. O-O Bb7 12. Re1 Rc8 13. Nc4 b5 14. axb5 axb5 15. Ne3 Qb6 {1-0 Laustsen,K (1810)-Awiszus,T (1378) Nuremberg Zabo op 16th 2014 (1)}) 10. Be2 O-O 11. O-O b5 12. axb5 axb5 13. Re1 Nd5 14. Bh2 Re8 15. Bd3 Nf6 16. Ne4 g6 17. Nxf6+ Bxf6 18. d5 Ne7 19. dxe6 Bxe6 20. Qd2 ({White should play} 20. Be4 $16) 20... Rb6 21. Nd4 Bd7 22. Nc2 Be6 23. Nb4 Qc8 24. Bf4 Rd8 (24... d5 $142) 25. Bg5 Bxg5 26. Qxg5 Qd7 {[%emt 0:00:40] [#]} (26... Re8 $16) 27. h4 $1 $18 Rdb8 28. h5 Qd8 29. Qg3 (29. hxg6 $18 Nxg6 30. Qh6) 29... d5 $16 30. Ra7 R8b7 31. Rea1 Nc8 (31... Bf5 $142 32. Bf1 Rb8) 32. Rxb7 $18 Rxb7 33. hxg6 (33. Ra8 $18) 33... fxg6 (33... hxg6 $16 34. Bxg6 Qd6) 34. Ra6 (34. Bxg6 Rg7 35. Bxh7+ (35. Nc6 Qf6 $17) 35... Kxh7 $11) 34... Bf7 (34... Rb6 {was called for.} 35. Bxb5 Qd6 36. Qxd6 Rxd6) 35. Ra8 $18 Qd7 $2 (35... Be6 {was worth a try.} 36. Be2 (36. Bxg6 Rg7 $11) 36... Qf8) 36. Na6 Ra7 37. Bxb5 Qe6 $2 (37... Qd8) 38. Rxa7 $18 Nxa7 39. Qb8+ Nc8 40. Nc5 Qe1+ 41. Kh2 Be6 42. Qf4 (42. Bd7 $142 Bxd7 43. Nxd7 Qxf2 44. Qxc8+ Kg7 45. Qe8 Qf4+ 46. Kh3 Qh6+ 47. Kg3 Qg5+ 48. Kf3 Qf5+ 49. Ke3) 42... Bf5 $18 43. Qd4 Ne7 $2 (43... Qe7 44. Qxd5+ Kh8 45. Qd4+ Qg7) 44. b4 (44. Qf6 $142 {Hoping for Nd7.} Nc8 45. Bc6) 44... h6 $2 (44... Qc1 45. Qe5 Qh6+ 46. Kg1 Qg7) 45. Nd7 Bxd7 $2 (45... Qe6 46. g3 g5) 46. Bxd7 $18 Kf7 47. b5 Qe2 48. b6 1-0

[Event "German Bundesliga 2024-25"]
[Site "Germany"]
[Date "2024.12.01"]
[Round "4.5"]
[White "Van Wely, Loek"]
[Black "Papp, Gabor"]
[Result "1-0"]
[Annotator "TA"]
[ECO "D35"]
[WhiteElo "2608"]
[BlackElo "2511"]
[PlyCount "89"]
[EventDate "2024.09.27"]
[EventType "team-tourn"]
[EventCountry "GER"]
[SourceTitle "playchess.com"]
[Source "ChessBase"]
[SourceQuality "1"]
[WhiteTeam "SG Solingen"]
[BlackTeam "Hamburg"]
[TimeControl "40/5400+30:1800+30"]

1. c4 e6 2. Nc3 d5 3. d4 Nf6 4. cxd5 exd5 5. Bg5 Be7 6. e3 h6 7. Bh4 Bg4 8. Qb3 {[%emt 0:03:27][%cal Oh4f6] Bxf6! is the strong threat.} Nbd7 9. Be2 (9. Qxb7 Rb8 10. Qxa7 Rxb2 $15) 9... Be6 {[%emt 0:10:09][%cal Bg4e6,Be6f5,Bf5h7][%mdl 32] The position is equal.} 10. Nf3 O-O 11. O-O Nb6 12. a4 {[%emt 0:06:16] Threatening a5.} a5 13. Ne5 Bf5 14. Rfc1 c6 15. h3 Ra7 16. g4 Bh7 17. f4 Nc8 (17... Re8 $15 {might be stronger.}) 18. Qd1 (18. f5 $11) 18... Nd6 19. Bxf6 Bxf6 20. Bd3 Bxd3 21. Qxd3 Ra6 22. b3 Re8 23. Rc2 Be7 24. Rg2 f6 25. Nf3 Nf7 26. Ne2 c5 (26... Qd7 $11) 27. Ng3 cxd4 28. Nxd4 Bc5 29. Ndf5 {[%emt 0:03:35] Threatens to win with Nh5. Excellent horsemanship.} Rae6 {[%emt 0:01:11][%cal Re6e3] [#] Hoping for ...Rxe3.} 30. Kh1 (30. Kh2 $5) 30... Bxe3 (30... Nd6 $11 {keeps the balance.}) 31. Nh5 $16 {[%emt 0:01:06] White is much more active.} Ba7 $2 {[%emt 0:02:24][%mdl 8192] This move loses the game for Black.} (31... Bb6 $16 {keeps fighting.} 32. Kh2 (32. Nfxg7 Re3 $18) (32. Nhxg7 Re3 $16) 32... Bc7) 32. Nfxg7 $18 (32. Nhxg7 Re1+ 33. Rxe1 Rxe1+ 34. Kh2 d4 $18) 32... Re1+ 33. Kh2 (33. Rxe1 Rxe1+ 34. Kh2 Re4 $18) 33... Bg1+ 34. Rxg1 R8e2+ 35. Kh1 d4 36. Qf3 (36. Raxe1 $2 Qd5+) 36... Rxg1+ 37. Rxg1 d3 38. Rd1 (38. Qxb7 d2 39. Nf5 Kf8 (39... d1=B 40. Nxh6+ Kh8 41. Nxf7+ Kg8 42. Nh6+ Kh8 43. Qg7#) 40. Nxh6 Re7 41. Nxf7 Qd3 $19) 38... Qd4 39. Nf5 (39. Qxb7 $2 d2 40. Qa8+ Kh7 $19) (39. Qxd3 Re1+ 40. Rxe1 Qxd3 41. Re8+ Kh7 $19) 39... Qb2 40. g5 (40. Rxd3 $2 Re1+) 40... Qc2 41. Nxf6+ Kh8 42. Rf1 {[%emt 0:01:01] [#] White threatens g6 and mate.} (42. Qxd3 $2 Rh2+ 43. Kg1 Qg2#) 42... Rh2+ 43. Kg1 {[%emt 0:01:52] White mates.} d2 44. g6 (44. Kxh2 d1=Q+ (44... d1=N+ $2 {too greedy.} 45. Kg3 $18) 45. Rf2 Qxf3 $11 (45... Qxb3 46. Qxb3 Qxb3 47. g6)) 44... d1=Q 45. g7# {[%emt 0:00:08] Weighted Error Value: White=0.31/Black=0.38.  Loses game:     	---       	Black=1      Mistake:       	White=1     	Black=3      Inaccurate:     	White=1     	Black=5      OK:         	White=6     	Black=5      Best:        	White=4     	Black=2} 1-0

[Event "German Bundesliga 2024-25"]
[Site "Germany"]
[Date "2024.12.01"]
[Round "4.5"]
[White "Alonso Rosell, Alvar"]
[Black "Markus, Robert"]
[Result "1/2-1/2"]
[Annotator "TA"]
[ECO "A45"]
[WhiteElo "2532"]
[BlackElo "2592"]
[PlyCount "52"]
[EventDate "2024.09.27"]
[EventType "team-tourn"]
[EventCountry "GER"]
[SourceTitle "playchess.com"]
[Source "ChessBase"]
[SourceQuality "1"]
[WhiteTeam "Bayern Muenchen"]
[BlackTeam "Kirchweyhe"]
[TimeControl "40/5400+30:1800+30"]

1. d4 Nf6 2. Bg5 c5 3. Bxf6 gxf6 4. d5 Qb6 5. Qc1 f5 6. c4 Bg7 7. Nc3 d6 8. e3 Nd7 9. Qc2 {[%emt 0:00:33] White is slightly better.} Nf6 10. Bd3 e5 11. Rb1 (11. Bxf5 $2 {perishes.} Bxf5 12. e4 (12. Qxf5 $2 {loses.} Qxb2 13. Nd1 Qxa1 $19) 12... Bd7 $19) 11... e4 12. Be2 Qc7 13. Nh3 Qe7 14. Nf4 Bd7 15. O-O O-O 16. b4 b6 17. bxc5 bxc5 {[%emt 0:01:27] The position is equal.} 18. Rb7 Rfb8 $1 19. Rfb1 Qd8 20. Qb3 Rxb7 21. Qxb7 Ne8 22. Nb5 {[%emt 0:19:16] A dynamic duo of knights.} Rb8 $1 23. Qxa7 Ra8 24. Qb7 Rb8 25. Qa7 Ra8 26. Qb7 {[%emt 0:00:04] And now Na7 would win.} Rb8 {[%emt 0:00:05] Weighted Error Value: White=0.05 (flawless) /Black=0.02 (flawless) .  OK:         	White=11    	Black=9      Best:        	---       	Black=3      Strong:       	---       	Black=2} 1/2-1/2

[Event "German Bundesliga 2024-25"]
[Site "Germany"]
[Date "2024.12.01"]
[Round "4.5"]
[White "Kraus, Tomas"]
[Black "Feuerstack, Aljoscha"]
[Result "1/2-1/2"]
[Annotator "TA"]
[ECO "B45"]
[WhiteElo "2457"]
[BlackElo "2471"]
[PlyCount "154"]
[EventDate "2024.09.27"]
[EventType "team-tourn"]
[EventCountry "GER"]
[SourceTitle "playchess.com"]
[Source "ChessBase"]
[SourceQuality "1"]
[WhiteTeam "Heimbach-Weis-Neuwied"]
[BlackTeam "St. Pauli"]
[TimeControl "40/5400+30:1800+30"]

1. e4 c5 2. Nf3 e6 3. d4 cxd4 4. Nxd4 Nf6 5. Nc3 Nc6 6. Ndb5 Bb4 7. a3 Bxc3+ 8. Nxc3 d5 9. exd5 exd5 10. Bd3 O-O 11. O-O Bg4 12. f3 Bh5 13. Bg5 {[%emt 0:00:07] B45: Sicilian Four Knights.} Qb6+ 14. Kh1 Ne4 15. Nxe4 dxe4 16. Bxe4 Qxb2 17. Qb1 $1 {[%emt 0:00:05] 17.Qb1 scores better than 17.Rb1.} Qb6 18. Qxb6 axb6 19. Rfb1 Bg6 20. Bxg6 hxg6 21. Rxb6 Nd4 22. c3 Nc2 23. Rc1 Nxa3 24. Rxb7 f6 25. Bf4 g5 26. Bg3 Nc4 27. Rc7 $146 ({Predecessor:} 27. h3 Rf7 28. Rb4 Rc8 29. Rcb1 Rc6 30. Bf2 Re7 31. Bd4 Re2 32. Ra1 Nd6 33. Ra5 {½-½ Rogic,D (2435)-Saric,L (2170) CRO-chT1A 31st 2023 (5.6)}) 27... Rfc8 28. Rxc8+ Rxc8 29. Kg1 Nb2 30. Kf1 Nd3 31. Rc2 Nb4 32. Rb2 (32. cxb4 $2 Rxc2 33. Bf2 Kf7 $17) 32... Nd5 33. Be1 Ne3+ 34. Kg1 Ra8 35. Re2 Nd5 36. Kf2 Nf4 37. Rd2 Ra1 38. Rd8+ Kf7 39. Bd2 Ke7 40. Rd4 Ra2 41. g3 Ng6 42. Ke2 Ra8 43. h4 gxh4 44. gxh4 Ke6 45. Rb4 Ra2 46. h5 Ne5 47. f4 Nd7 48. Re4+ Kf7 49. Rd4 Nc5 50. Rb4 f5 51. Ke3 (51. Rb5 Ne4 52. Rxf5+ (52. Rb7+ $2 Ke6 $19) 52... Kg8 $15) 51... Ne4 52. Rd4 Nf6 53. c4 Nxh5 54. Rd7+ Ke6 55. Rd5 Ng3 56. Re5+ Kd7 57. Kf3 Ne4 58. Bb4 g6 59. Re7+ Kc8 60. Rg7 Rb2 61. Be1 Rb6 62. Ke3 Nc5 63. Bh4 Rb3+ 64. Kd2 Rd3+ 65. Ke2 Rd6 66. Rg8+ Kc7 67. Bf2 Ne4 68. Ba7 Re6 69. Bb8+ Kb7 70. Kd3 Nf6 71. Rd8 Re4 72. Be5 Ng4 73. Bd4 Rxf4 74. Rg8 Rf3+ 75. Ke2 Rf4 76. Kd3 Rf3+ 77. Ke2 Rf4 1/2-1/2

[Event "German Bundesliga 2024-25"]
[Site "Germany"]
[Date "2024.12.01"]
[Round "4.6"]
[White "Stevic, Hrvoje"]
[Black "Blohberger, Felix"]
[Result "1/2-1/2"]
[Annotator "TA"]
[ECO "B11"]
[WhiteElo "2548"]
[BlackElo "2536"]
[PlyCount "47"]
[EventDate "2024.09.27"]
[EventType "team-tourn"]
[EventCountry "GER"]
[SourceTitle "playchess.com"]
[Source "ChessBase"]
[SourceQuality "1"]
[WhiteTeam "Kirchweyhe"]
[BlackTeam "Bayern Muenchen"]
[TimeControl "40/5400+30:1800+30"]

1. e4 c6 2. Nf3 d5 3. Nc3 Bg4 4. h3 Bxf3 5. Qxf3 e6 6. Be2 Nf6 7. O-O Be7 8. d4 dxe4 9. Qe3 O-O 10. Nxe4 Nxe4 11. Qxe4 Nd7 12. c3 a5 13. a4 Nf6 14. Qc2 Nd5 {[%emt 0:00:53] The position is equal.} 15. Qb3 Rb8 16. Bf3 Bg5 17. Bxg5 Qxg5 18. Rfe1 Rfd8 19. Re5 Qe7 20. Bxd5 Rxd5 21. Rxd5 exd5 22. Qb6 Qd8 23. Qxd8+ Rxd8 24. Kf1 {[%emt 0:00:14] Not much happened in this game.   Weighted Error Value: White=0.05 (flawless) /Black=0.05 (flawless) .  OK:         	White=4     	Black=6} 1/2-1/2

[Event "German Bundesliga 2024-25"]
[Site "Germany"]
[Date "2024.12.01"]
[Round "4.6"]
[White "Costa, Leonardo"]
[Black "Krastev, Alexander"]
[Result "1/2-1/2"]
[Annotator "RC"]
[ECO "B45"]
[WhiteElo "2501"]
[BlackElo "2425"]
[PlyCount "60"]
[EventDate "2024.09.27"]
[EventType "team-tourn"]
[EventCountry "GER"]
[SourceTitle "playchess.com"]
[Source "ChessBase"]
[SourceQuality "1"]
[WhiteTeam "Hamburg"]
[BlackTeam "SG Solingen"]
[TimeControl "40/5400+30:1800+30"]

1. e4 c5 2. Nf3 e6 3. d4 cxd4 4. Nxd4 Nf6 5. Nc3 Nc6 6. Ndb5 Bb4 7. a3 Bxc3+ 8. Nxc3 d5 9. exd5 exd5 10. Bd3 O-O 11. O-O Bg4 12. f3 Bh5 13. Bg5 Qb6+ 14. Kh1 Ne4 15. Nxe4 dxe4 16. Bxe4 Qxb2 17. Qb1 Qb6 18. Qxb6 axb6 19. Rfb1 Bg6 20. Bxg6 hxg6 21. Rxb6 Nd4 22. c3 Nc2 23. Rc1 Rfe8 24. h4 Ne1 25. Rd1 Rxa3 26. Rbb1 Nc2 27. Rxb7 Rxc3 28. Rdd7 Rf8 29. Bf4 Rcc8 30. Bg5 Rc4 1/2-1/2

[Event "German Bundesliga 2024-25"]
[Site "Germany"]
[Date "2024.12.01"]
[Round "4.6"]
[White "Neuman, Petr"]
[Black "Banusz, Tamas"]
[Result "1/2-1/2"]
[Annotator "TA"]
[ECO "A13"]
[WhiteElo "2426"]
[BlackElo "2576"]
[PlyCount "120"]
[EventDate "2024.09.27"]
[EventType "team-tourn"]
[EventCountry "GER"]
[SourceTitle "playchess.com"]
[Source "ChessBase"]
[SourceQuality "1"]
[WhiteTeam "Bad Mergentheim"]
[BlackTeam "Deizisau"]
[TimeControl "40/5400+30:1800+30"]

1. Nf3 Nf6 2. c4 e6 3. g3 a6 4. Bg2 b5 5. b3 Bb7 6. Na3 bxc4 7. Nxc4 a5 8. Nce5 Qc8 9. Bb2 Be7 10. Rc1 d6 11. Nc4 {[%emt 0:00:32] Black must now prevent Bxf6.} Nc6 12. a3 h6 13. O-O O-O 14. d3 Qb8 15. Rc2 Rc8 16. Qa1 Ne8 17. Rfc1 Bf6 18. Bxf6 Nxf6 19. Nfd2 Ne7 20. Bxb7 Qxb7 21. d4 Qb5 22. e3 Qf5 23. f3 Qb5 24. Qc3 Ne8 25. Qd3 Qb7 26. Nb2 Qa7 27. Kg2 Rab8 28. e4 Nf6 29. Nbc4 Nd7 30. Ne3 c6 31. Nec4 d5 32. Nd6 Rd8 33. e5 c5 34. f4 a4 {[%emt 0:00:55] [#] ...axb3 would now be deadly.} 35. dxc5 axb3 36. Nxb3 Qxa3 37. Nb5 Qa6 ({Black should try} 37... Rxb5 $1 $14 38. Qxb5 Rb8) 38. N3d4 $16 {[%emt 0:00:00] [#] And now c6 would win. White is more active.} Nf5 39. Nxf5 (39. Qe2 $16) 39... exf5 $11 {[%emt 0:00:01] The position is equal.} 40. c6 Qxb5 41. Qxf5 {[%emt 0:32:45][%cal Oe5e6] e6! is the strong threat.} g6 42. Qg4 {[%emt 0:00:00][%cal Oc6c7] aiming for c7!} Rbc8 43. cxd7 Rxc2+ 44. Rxc2 Qxd7 45. Qxd7 Rxd7 {[%emt 0:00:09][%mdl 4096] Endgame. KR-KR} 46. Kf3 Ra7 47. Ke3 Ra4 48. Rd2 Ra5 49. Kd4 h5 50. Rf2 Kg7 51. f5 gxf5 52. Rxf5 Kg6 53. Rf6+ Kg7 54. Rf3 Kg6 55. h4 Kg7 56. Rf5 Kg6 57. Rf6+ Kg7 58. Rf5 Kg6 59. Rf6+ Kg7 60. Rf5 Kg6 {[%emt 0:00:05] Weighted Error Value: White=0.10 (very precise) /Black=0.08 (flawless) .  Mistake:       	White=1     	Black=1      Inaccurate:     	White=4     	Black=4      OK:         	White=14    	Black=23     Best:        	White=1     	Black=7} 1/2-1/2

[Event "German Bundesliga 2024-25"]
[Site "Germany"]
[Date "2024.12.01"]
[Round "4.6"]
[White "Sawatzki, Frank"]
[Black "Kosakowski, Jakub"]
[Result "0-1"]
[Annotator "TA"]
[ECO "B92"]
[WhiteElo "2346"]
[BlackElo "2516"]
[PlyCount "102"]
[EventDate "2024.09.27"]
[EventType "team-tourn"]
[EventCountry "GER"]
[SourceTitle "playchess.com"]
[Source "ChessBase"]
[SourceQuality "1"]
[WhiteTeam "St. Pauli"]
[BlackTeam "Heimbach-Weis-Neuwied"]
[TimeControl "40/5400+30:1800+30"]

1. e4 c5 2. Nf3 d6 3. d4 cxd4 4. Nxd4 Nf6 5. Nc3 a6 6. Be2 e5 7. Nb3 Be7 8. O-O O-O 9. Qd3 Be6 10. Nd5 Bxd5 11. exd5 Nbd7 12. Bd2 {[%emt 0:08:11] The position is equal.} Re8 13. c4 a5 14. a4 Bf8 15. Kh1 g6 16. Rae1 Bg7 17. g4 e4 18. Qe3 h6 19. Nd4 Ne5 20. h3 Rc8 ({Black should play} 20... Nh7 $11) 21. b3 $14 Nfd7 22. Rg1 ({Weaker is} 22. Qxe4 Nxc4 $17) (22. Nb5 $14 Nc5 23. Qg3) 22... Nc5 $11 23. Bc3 (23. Rgf1 $11) 23... Ned3 $15 24. Bxd3 (24. Rb1 $15) 24... exd3 $17 25. Qxe8+ {[%emt 0:00:25] Loses the game.} (25. Qd2 $17 {keeps fighting.}) 25... Qxe8 $19 26. Rxe8+ Rxe8 27. Kg2 Nxb3 (27... Bxd4 $142 28. Bxd4 Nxb3) 28. Nxb3 Bxc3 {[%emt 0:00:07][%mdl 4096] Endgame. KRB-KRN} 29. Rd1 {[%emt 0:00:07] [#]} Rc8 $1 30. c5 dxc5 31. Rxd3 Bb4 {[%emt 0:00:06] Threatens to win with ...c4.} 32. Rd1 Kf8 33. Na1 Ke7 34. Nc2 Kd6 35. Kf3 c4 36. Ke4 (36. Ne3 {is a better defense.}) 36... c3 (36... Bc5 $142 37. Kf4 Bxf2) 37. Ne3 Ba3 38. Nc2 (38. Kd3 $17) 38... Bc5 39. Rd3 (39. f3 {was worth a try.}) 39... Re8+ ({Less strong is} 39... Bxf2 40. Rf3 Bh4 41. Rxf7 $17) 40. Kf3 Bb4 41. Rd1 Kc5 {[%emt 0:07:12] Hoping for ...Kc4.} 42. Rd4 (42. Ne3) 42... b5 43. axb5 Kxb5 44. d6 Rd8 45. d7 Bc5 46. Rd1 Kc6 47. Rd3 Rxd7 48. Rxc3 Rd2 49. Ne3 {[%emt 0:00:00] Black is clearly winning.} a4 {[%emt 0:00:43] aiming for ...a3.} 50. Rc4 (50. Nc2 $142) 50... Kb5 {[%emt 0:00:40] [#] Strongly threatening ...Bxe3.} 51. Re4 a3 {[%emt 0:00:18] Weighted Error Value: White=0.45/Black=0.17 (very precise) .  Loses game:     	White=1     	---        Mistake:       	White=8     	Black=3      Inaccurate:     	White=1     	---        OK:         	White=12    	Black=20     Best:        	White=3     	Black=2      Strong:       	---       	Black=1} 0-1

[Event "German Bundesliga 2024-25"]
[Site "Germany"]
[Date "2024.12.01"]
[Round "4.7"]
[White "Dautov, Rustem"]
[Black "Vlasak, Lukas"]
[Result "1/2-1/2"]
[Annotator "TA"]
[ECO "D35"]
[WhiteElo "2568"]
[BlackElo "2458"]
[PlyCount "57"]
[EventDate "2024.09.27"]
[EventType "team-tourn"]
[EventCountry "GER"]
[SourceTitle "playchess.com"]
[Source "ChessBase"]
[SourceQuality "1"]
[WhiteTeam "Deizisau"]
[BlackTeam "Bad Mergentheim"]
[TimeControl "40/5400+30:1800+30"]

1. d4 d5 2. c4 e6 3. Nf3 Nf6 4. Nc3 h6 5. cxd5 exd5 6. Bf4 Bd6 7. Bxd6 Qxd6 8. e3 O-O 9. Qc2 c6 10. Bd3 Nbd7 11. O-O Re8 12. Rab1 a5 13. a3 Nb6 14. h3 {[%emt 0:07:50] White has an edge.} Bd7 15. Ne5 c5 16. Nxd7 Nbxd7 17. Nb5 Qb6 {[%emt 0:01:42] ...c4 would now be deadly.} 18. dxc5 Nxc5 19. Rfc1 Nxd3 20. Qxd3 Rac8 {[%emt 0:01:09] Prevents Nc7} 21. a4 Rc5 22. Rxc5 Qxc5 23. Qd2 Rc8 (23... Ne4 $1 $11 {remains equal.} 24. Qd3 (24. Qxa5 Nxf2 25. Qd2 Ne4 $15) 24... Rc8) 24. Qxa5 $16 Ne4 25. Qe1 $1 Qc2 {[%emt 0:02:02] [#]} 26. Nc3 Nxc3 {[%emt 0:03:19] The position is equal.} (26... Nxf2 $5 27. Qxf2 Rxc3 28. Qxc2 Rxc2 $11) 27. bxc3 Rxc3 28. Rxb7 {[%emt 0:00:42] Hoping for Qb1.} Rd3 $1 29. Rb1 {[%emt 0:03:56] Prevents Rd1.   Weighted Error Value: White=0.17 (very precise) /Black=0.16 (very precise) .  Mistake:       	White=1     	Black=1      OK:         	White=6     	Black=3      Best:        	White=1     	---        Strong:       	White=1     	Black=1} 1/2-1/2